 Dungeon Crawl Stone Soup version 0.23.2-40-g277498a001 (webtiles) character file.

Game seed: 2615000531688293854

18386 DildoBatman the Black Sun (level 12, -12/94 HPs)
             Began as a Demonspawn Wizard on Aug 18, 2019.
             Was a High Priest of Kikubaaqudgha.
             Mangled by an ettin
             ... wielding a +0 dire flail
              (38 damage)
             ... on level 1 of the Orcish Mines.
             The game lasted 01:10:50 (12825 turns).

DildoBatman the Black Sun (Demonspawn Wizard)      Turns: 12825, Time: 01:10:51

Health: -12/94     AC: 14    Str: 11    XL:     12   Next: 27%
Magic:  21/21      EV: 16    Int: 25    God:    Kikubaaqudgha [*****.]
Gold:   756        SH:  8    Dex: 11    Spells: 10/27 levels left

rFire    + . .     SeeInvis .   a - +9 hand axe (elec)
rCold    . . .     Gourm    .   D - +0 buckler
rNeg     . . .     Faith    .   o - +4 troll leather armour
rPois    .         Spirit   .   q - +2 hat
rElec    .         Reflect  +   y - +0 cloak
rCorr    +         Harm     .   H - +1 pair of gloves {Str+3}
MR       .....                  (no boots)
Stlth    +++.......             g - +4 amulet of reflection
HPRegen  0.00/turn              w - ring of stealth
MPRegen  0.17/turn              U - ring of resist corrosion

@: very slightly contaminated
A: horns 2, repulsion field 2, fire resistance 1, low mp 1, powered by death 2,
powered by pain 2, robust 1, inhibited regeneration
a: Receive Corpses, Torment, Renounce Religion


You were on level 1 of the Orcish Mines.
You worshipped Kikubaaqudgha.
Kikubaaqudgha was extremely pleased with you.
You were near starving.

You visited 3 branches of the dungeon, and saw 13 of its levels.
You also visited: Ossuary and Bailey.

You collected 917 gold pieces.
You spent 161 gold pieces at shops.

Inventory:

Hand Weapons
 a - a +9 hand axe of electrocution (weapon)
Missiles
 h - 64 bolts
 i - 134 arrows
 B - 73 sling bullets
Armour
 o - a +4 troll leather armour (worn)
 q - a +2 hat (worn)
 y - a +0 cloak (worn)
 D - a +0 buckler (worn)
 H - a +1 pair of gloves of strength (worn)
Jewellery
 g - a +4 amulet of reflection (around neck)
 w - a ring of stealth (left hand)
 T - an uncursed ring of ice
 U - a ring of resist corrosion (right hand)
 X - an uncursed amulet of rage
Wands
 f - a wand of paralysis (7)
 A - a wand of disintegration (1)
Scrolls
 x - 4 scrolls of remove curse
 z - 3 scrolls of identify
 C - a scroll of acquirement {unknown}
 G - 10 scrolls of teleportation
 I - a scroll of summoning
 K - 2 scrolls of fog
 O - 3 scrolls of blinking
 P - 2 scrolls of immolation {unknown}
 V - a scroll of magic mapping
Potions
 l - 9 potions of heal wounds
 n - a potion of cancellation {unknown}
 r - a potion of resistance
 s - 4 potions of curing
 u - a potion of invisibility {unknown}
 E - a potion of might
 F - a potion of berserk rage {unknown}
 J - 4 potions of haste
 M - a potion of degeneration {unknown}
 N - a potion of magic {unknown}
Miscellaneous
 S - a fan of gales
Comestibles
 v - 23 rations


   Skills:
 - Level 5.0 Fighting
 - Level 4.0 Axes
 - Level 5.0 Armour
 - Level 5.0 Dodging
 * Level 4.8 Stealth
 - Level 4.0 Shields
 - Level 8.0 Spellcasting
 - Level 6.1 Conjurations
 - Level 4.0 Charms
   Level 1.0 Summonings
 - Level 9.0 Necromancy
   Level 0.8 Translocations
 - Level 4.0 Fire Magic
 - Level 4.0 Air Magic
 - Level 4.0 Poison Magic
 * Level 4.4 Evocations


You had 10 spell levels left.
You knew the following spells:

 Your Spells              Type           Power        Failure   Level  Hunger
a - Conjure Flame         Conj/Fire      #####...     3%          3    None
c - Magic Dart            Conj           ####         1%          1    None
d - Regeneration          Chrm/Necr      #####.....   1%          3    None
e - Mephitic Cloud        Conj/Pois/Air  ####....     3%          3    None
h - Dispel Undead         Necr           ######..     5%          5    ####...
z - Sublimation of Blood  Necr           ######....   1%          2    None

Your spell library contained the following spells:

 Spells                   Type           Power        Failure   Level  Hunger
 Pain                     Necr           ####         1%          1    None
 Corpse Rot               Necr           N/A          1%          2    None
 Animate Dead             Necr           N/A          1%          4    ##.....
 Agony                    Necr           ######..     5%          5    ####...
 Dazzling Spray           Conj/Hex       ####..       7%          3    None
 Corona                   Hex            ##.....      8%          1    None
 Call Imp                 Summ           ###.....     8%          2    None
 Blink                    Tloc           N/A          9%          2    None
 Ensorcelled Hibernation  Hex/Ice        ##....       12%         2    None
 Slow                     Hex            ##......     12%         2    None
 Excruciating Wounds      Chrm/Necr      #####.....   14%         5    ####...
 Confuse                  Hex            ##......     22%         3    None
 Tukima's Dance           Hex            ##......     22%         3    None
 Death Channel            Necr           ######....   28%         6    ######.


Dungeon Overview and Level Annotations

Branches:
Dungeon (11/15)            Temple (1/1) D:5            Lair (0/6) D:10
    Orc (1/2) D:10

Altars:
Ashenzari
Cheibriados
Dithmenos
Elyvilon
Fedhas
Gozag
Hepliaklqana
Kikubaaqudgha
Makhleb
Nemelex Xobeh
Okawaru
Qazlal
Ru
Sif Muna
Trog
Uskayaw
Vehumet
Wu Jian
Xom
Yredelemnul
Zin
The Shining One
Beogh
Lugonu

Shops:
D:4 (   D:7 ?   Orc:1 =

Annotations:
D:2 exclusion: dancing weapon
D:3 3 runed translucent doors, MalarOregon's ghost, amateur MfTm
D:4 3 exclusions
D:5 3 runed translucent doors, Name63's ghost, amateur DsFi
D:8 2 transporters, 3 runed translucent doors, Skiberibeda's ghost, journeyman GrFi
D:9 2 transporters


Innate Abilities, Weirdness & Mutations

You have a pair of horns on your head.
You are surrounded by a moderate repulsion field. (EV +3)
You regenerate health from kills.
You sometimes gain power by taking damage.
Your flesh is heat resistant. (rF+)
Your magical capacity is low. (-10% MP)
You are robust. (+10% HP)
You do not regenerate when monsters are visible.


Message History

Press: ? - help, Shift-Dir - straight line, f - ettin
Aim: an ettin, wielding two +0 dire flails (lightly wounded)
The ball explodes into a vile cloud!
The stinking cloud engulfs the ettin but does no damage.
The ettin is lightly wounded.
The stinking cloud engulfs the gnoll sergeant but does no damage.
The stinking cloud engulfs the orc sorcerer but does no damage.
The orc sorcerer is lightly wounded.
You hear a howl!
You hear a shout! x3
The ettin is engulfed in noxious fumes.
The orc sorcerer is engulfed in noxious fumes.
The orc sorcerer appears confused.
The ettin is engulfed in noxious fumes.
The ettin hits you with a +0 dire flail!!
You focus on the pain.
You feel your power returning.
The ettin hits you with a +0 dire flail!!!
You die...
Kikubaaqudgha rasps: "You have failed me!
Welcome... death!"

##....##,,,,.,,
##∩.$...###,..,,
##.......#.#..#,,
#.......#......,,
*#........$..>.,, ##*
*#$...........,,
##.####....<$.....$,,
#.$..#gog(g........,,
*#..@C○.oO°........,,
###..☼☼°g.........,,
#....#..#...##..,*
*#.....##....#**#**
#.....##,..$..# **
##.$..#**.....#***,
###.## *......**,,
### **,,,,,,,,,
**,,,,**,*


You could see an ettin, an orc sorcerer (confused), an ogre, a gnoll sergeant, 3
gnolls and an orc.

Vanquished Creatures
  A hydra (D:8)
  A two-headed ogre (D:11)
  A queen ant (D:11)
  2 unseen horrors
  4 orc knights (Bailey)
  3 ugly things
  Maurice (D:11)
  Joseph (D:8)
  2 gargoyles (D:10)
  4 trolls
  2 dream sheep (D:8)
  A hippogriff (D:10)
  A hungry ghost (D:10)
  A basilisk (D:10)
  16 yaks
  5 soldier ants (D:11)
  A water moccasin (D:9)
  14 orc warriors
  2 ice beasts
  3 sky beasts
  2 phantoms
  5 ogres
  5 centaurs
  A crocodile (D:8)
  4 big kobolds
  10 bullfrogs
  2 wyvern zombies
  A water moccasin zombie (D:10)
  2 wyvern skeletons
  6 killer bees
  4 scorpions
  A water moccasin skeleton (D:5)
  5 howler monkeys
  2 centaur zombies (D:11)
  A crimson imp (D:8)
  4 hounds
  A quasit (D:9)
  2 bullfrog zombies
  A jelly (D:9)
  2 bullfrog skeletons
  A gnoll shaman (D:8)
  7 orc priests
  11 orc wizards
  3 centaur skeletons
  7 iguanas
  30 worker ants
  2 killer bee zombies
  A hound skeleton (D:6)
  8 mummies (Ossuary)
  A worker ant zombie (D:7)
  7 gnolls (D:8)
  2 howler monkey skeletons
  6 adders
  2 shadow imps
  An ooze (D:2)
  2 worms
  4 dart slugs
  6 leopard geckos
  70 orcs
  4 bats
  6 giant cockroaches
  A gnoll zombie (Ossuary)
  5 goblins
  7 hobgoblins
  3 jackals (D:6)
  5 quokkas
  4 ball pythons
  3 frilled lizards
  2 hobgoblin zombies (Ossuary)
  9 kobolds
  4 kobold zombies (Ossuary)
  An orc zombie (Ossuary)
  7 rats
359 creatures vanquished.

Vanquished Creatures (others)
  A kobold (D:11)
1 creature vanquished.

Grand Total: 360 creatures vanquished

Notes
Turn   | Place    | Note
-------+----------+-------------------------------------------
     0 | D:1      | DildoBatman the Demonspawn Wizard began the quest for the
                  | Orb.
     0 | D:1      | Reached XP level 1. HP: 13/13 MP: 4/4
   389 | D:1      | Gained mutation: You sometimes gain a little power by
                  | taking damage. [demonic ancestry]
   389 | D:1      | Reached XP level 2. HP: 15/19 MP: 3/6
  1373 | D:2      | Reached XP level 3. HP: 10/24 MP: 3/7
  1378 | D:2      | Learned a level 3 spell: Conjure Flame
  1382 | D:2      | Learned a level 3 spell: Mephitic Cloud
  1864 | D:2      | Noticed a +0 dagger
  1864 | D:2      | Noticed a +0 hand axe
  1869 | D:2      | Found a hide-covered altar of Uskayaw.
  2226 | D:3      | Reached XP level 4. HP: 24/30 MP: 4/8
  2339 | D:3      | Noticed MalarOregon's ghost (amateur MfTm)
  2985 | D:3      | Found a runed translucent gate.
  2985 | D:3      | Found a runed translucent gate.
  2985 | D:3      | Found a runed translucent gate.
  3227 | D:4      | Gained mutation: You have a pair of small horns on your
                  | head. [demonic ancestry]
  3227 | D:4      | Reached XP level 5. HP: 32/35 MP: 2/9
  3325 | D:3      | Reached skill level 5 in Conjurations
  3944 | D:4      | Gained mutation: You regenerate a little health from kills.
                  | [demonic ancestry]
  3944 | D:4      | Reached XP level 6. HP: 28/41 MP: 7/10
  4152 | D:4      | Found Ozeetirph's Weapon Boutique.
  4314 | D:5      | Entered Level 5 of the Dungeon
  4332 | D:5      | Found a staircase to the Ecumenical Temple.
  4342 | Temple   | Entered the Ecumenical Temple
  4500 | Temple   | Became a worshipper of Kikubaaqudgha
  4571 | D:4      | Reached skill level 1 in Air Magic
  4571 | D:4      | Reached skill level 1 in Poison Magic
  4798 | D:4      | Reached skill level 1 in Fire Magic
  4873 | D:5      | Found a runed translucent gate.
  4874 | D:5      | Found a runed translucent gate.
  4875 | D:5      | Found a runed translucent gate.
  4879 | D:5      | Noticed Name63's ghost (amateur DsFi)
  4897 | D:5      | Reached XP level 7. HP: 39/46 MP: 6/11
  4906 | D:5      | Identified the +11 whip "Lootsaawk" {antimagic, Int+4}
  5029 | D:5      | Found an opulent altar of Gozag.
  5212 | D:5      | Found a roughly hewn altar of Beogh.
  5576 | D:6      | Reached * piety under Kikubaaqudgha
  5576 | D:6      | Identified Kikubaaqudgha's Collected Works on Sinister
                  | Rites (Kikubaaqudgha gifted it to you on level 6 of the
                  | Dungeon)
  5576 | D:6      | Received a gift from Kikubaaqudgha
  5597 | D:6      | Learned a level 3 spell: Regeneration
  5600 | D:6      | Learned a level 2 spell: Sublimation of Blood
  5698 | D:6      | Reached skill level 1 in Shields
  5794 | D:6      | Gained mutation: You have a pair of horns on your head.
                  | [demonic ancestry]
  5794 | D:6      | Reached XP level 8. HP: 52/52 MP: 5/12
  6090 | D:7      | Found Wazaibuser's Magic Scroll Boutique.
  6098 | D:7      | Bought a scroll of noise for 14 gold pieces
  6098 | D:7      | Bought a scroll of remove curse for 42 gold pieces
  6098 | D:7      | Bought a scroll of identify for 28 gold pieces
  6098 | D:7      | Bought a scroll of magic mapping for 49 gold pieces
  6098 | D:7      | Bought a scroll of fog for 28 gold pieces
  6101 | D:7      | Gained mutation: You are robust. (+10% HP) [potion of
                  | mutation]
  6101 | D:7      | Gained mutation: Scrolls take you a little longer to read.
                  | [potion of mutation]
  6101 | D:7      | Gained mutation: You are dopey. (Int -2) [potion of
                  | mutation]
  6101 | D:7      | Gained mutation: You are very robust. (+20% HP) [potion of
                  | mutation]
  6102 | D:7      | Lost mutation: You are very robust. (+20% HP) [potion of
                  | mutation]
  6102 | D:7      | Lost mutation: Scrolls take you a little longer to read.
                  | [potion of mutation]
  6102 | D:7      | Lost mutation: You are dopey. (Int -2) [potion of mutation]
  6102 | D:7      | Gained mutation: Your magical capacity is low. (-10% MP)
                  | [potion of mutation]
  6102 | D:7      | Gained mutation: You do not regenerate when monsters are
                  | visible. [potion of mutation]
  6102 | D:7      | Gained mutation: Your flesh is heat resistant. (rF+)
                  | [potion of mutation]
  7097 | D:8      | Found a transporter.
  7139 | D:8      | Found a runed translucent gate.
  7139 | D:8      | Found a runed translucent gate.
  7139 | D:8      | Found a runed translucent gate.
  7139 | D:8      | Noticed Skiberibeda's ghost (journeyman GrFi)
  7171 | D:8      | Reached skill level 1 in Necromancy
  7193 | D:8      | Reached skill level 1 in Charms
  7333 | D:8      | Noticed a red ugly thing
  7344 | D:8      | Found a sand-covered staircase.
  7369 | D:8      | Reached skill level 2 in Necromancy
  7411 | Ossuary  | Entered an ossuary
  7465 | Ossuary  | Reached ** piety under Kikubaaqudgha
  7740 | D:8      | Gained mutation: You sometimes gain power by taking damage.
                  | [demonic ancestry]
  7740 | D:8      | Reached XP level 9. HP: 5/62 MP: 4/13
  8055 | D:8      | Reached skill level 3 in Necromancy
  8083 | D:8      | Noticed a white ugly thing
  8085 | D:8      | Found a corrupted altar of Lugonu.
  8085 | D:8      | Found a transporter.
  8085 | D:8      | Noticed a red ugly thing
  8102 | D:8      | Noticed Joseph
  8124 | D:8      | Killed Joseph
  8124 | D:8      | Reached skill level 4 in Necromancy
  8218 | D:8      | Reached skill level 5 in Necromancy
  8225 | D:8      | Reached skill level 6 in Necromancy
  8276 | D:8      | Noticed a three-headed hydra
  8351 | D:8      | Reached skill level 7 in Necromancy
  8387 | D:8      | Killed a two-headed hydra
  8387 | D:8      | Reached skill level 8 in Necromancy
  8387 | D:8      | Gained mutation: You regenerate health from kills. [demonic
                  | ancestry]
  8387 | D:8      | Reached XP level 10. HP: 66/69 MP: 2/14
  8658 | D:9      | Reached *** piety under Kikubaaqudgha
  8658 | D:9      | Identified Kikubaaqudgha's Handbook of Black Secrets
                  | (Kikubaaqudgha gifted it to you on level 9 of the Dungeon)
  8658 | D:9      | Received a gift from Kikubaaqudgha
  8738 | D:9      | Found a flagged portal.
  8756 | D:9      | Reached skill level 5 in Spellcasting
  8819 | Bailey   | Entered a bailey
  9047 | Bailey   | Noticed an orc knight
  9090 | Bailey   | Killed an orc knight
  9090 | Bailey   | Reached skill level 1 in Fighting
  9090 | Bailey   | Reached skill level 1 in Armour
  9201 | Bailey   | Noticed an orc knight
  9233 | Bailey   | Killed an orc knight
  9253 | Bailey   | Noticed an orc knight
  9294 | Bailey   | Killed an orc knight
  9308 | Bailey   | Noticed an orc knight
  9324 | Bailey   | Killed an orc knight
  9619 | D:9      | Found a transporter.
  9684 | D:9      | Noticed a green ugly thing
  9688 | D:9      | Killed a green ugly thing
  9688 | D:9      | Reached **** piety under Kikubaaqudgha
  9688 | D:9      | Gained mutation: You are surrounded by a mild repulsion
                  | field. (EV +2) [demonic ancestry]
  9688 | D:9      | Reached XP level 11. HP: 82/82 MP: 7/18
  9780 | D:9      | Found a transporter.
  9821 | D:9      | Reached skill level 1 in Axes
 10119 | D:9      | Learned a level 5 spell: Dispel Undead
 10120 | D:10     | Entered Level 10 of the Dungeon
 10215 | D:10     | Killed an unseen horror
 10215 | D:10     | Reached skill level 1 in Evocations
 10627 | D:10     | Found a staircase to the Lair.
 10697 | D:10     | Found a staircase to the Orcish Mines.
 10985 | D:10     | Reached skill level 9 in Necromancy
 11358 | D:11     | Reached ***** piety under Kikubaaqudgha
 11362 | D:11     | Found a stormy altar of Qazlal.
 11363 | D:11     | Noticed a purple ugly thing
 11369 | D:11     | Killed a purple ugly thing
 11375 | D:11     | Reached skill level 5 in Fighting
 11393 | D:11     | Reached skill level 5 in Dodging
 11508 | D:11     | Noticed a queen ant
 11552 | D:11     | Killed a queen ant
 11623 | D:11     | Gained mutation: You are surrounded by a moderate repulsion
                  | field. (EV +3) [demonic ancestry]
 11623 | D:11     | Reached XP level 12. HP: 55/94 MP: 3/21
 11792 | D:11     | Reached skill level 5 in Armour
 12100 | D:11     | Noticed a two-headed ogre
 12147 | D:11     | Killed a two-headed ogre
 12483 | D:11     | Noticed Maurice
 12501 | D:11     | Killed Maurice
 12808 | Orc:1    | Entered Level 1 of the Orcish Mines
 12808 | Orc:1    | Found Kekloax's Jewellery Boutique.
 12808 | Orc:1    | Noticed an ettin
 12825 | Orc:1    | Mangled by an ettin

Skill      XL: |  1  2  3  4  5  6  7  8  9 10 11 12 |
---------------+-------------------------------------+-----
Conjurations   | 2 3 4 6 |  6.1
Air Magic      | 1 3 4 |  4.0
Poison Magic   | 2 3 4 |  4.0
Fire Magic     | 1 3 4 |  4.0
Shields        | 2 4 |  4.0
Necromancy     | 2 8 9 |  9.0
Charms         | 2 4 |  4.0
Spellcasting   | 4 6 7 8 |  8.0
Fighting       | 3 5 |  5.0
Armour         | 3 4 5 |  5.0
Dodging        | 3 5 |  5.0
Axes           | 3 4 |  4.0
Stealth        | 3 4 |  4.8
Evocations     | 3 4 |  4.4
Summonings     | |  1.0
Translocations | |  0.8

Action                   |  1- 3 |  4- 6 |  7- 9 | 10-12 || total
-------------------------+-------+-------+-------+-------++-------
Melee: Dagger            |    32 |       |       |       ||    32
       Trident           |       |    36 |   120 |    37 ||   193
       Headbutt          |       |     2 |    31 |    44 ||    77
       Hand axe          |       |       |   173 |   415 ||   588
       Falchion          |       |       |     2 |       ||     2
 Cast: Magic Dart        |    83 |   110 |    50 |     2 ||   245
       Mephitic Cloud    |     1 |     2 |    23 |    69 ||    95
       Conjure Flame     |       |     6 |    27 |    33 ||    66
       Regeneration      |       |       |     6 |    28 ||    34
       Sublimation of Bl |       |       |     1 |    18 ||    19
       Dispel Undead     |       |       |       |     2 ||     2
Evoke: Wand              |       |       |     3 |     8 ||    11
       Fan of gales      |       |       |       |     1 ||     1
  Use: Scroll            |       |     3 |     3 |    21 ||    27
       Potion            |       |       |     7 |       ||     7
 Stab: Sleeping          |     2 |       |     1 |     4 ||     7
       Confused          |       |       |    13 |    29 ||    42
  Eat: Chunk             |     4 |     6 |    16 |    17 ||    43
       Ration            |       |     1 |       |       ||     1
Armor: Robe              |    10 |     6 |     9 |       ||    25
       Ring mail         |       |       |    61 |   114 ||   175
       Troll leather arm |       |       |       |     1 ||     1
Dodge: Dodged            |    31 |    20 |    95 |   216 ||   362
Block: Other             |       |     5 |    11 |       ||    16
       Buckler           |       |       |    41 |   166 ||   207
       Reflection        |       |       |     1 |    14 ||    15
       Rpst.: Falchion   |       |       |     1 |       ||     1
